 Dungeon Sprint DCSS version 0.31-a0-700-gf13585253f (webtiles) character file.

Game seed: 2088466299919832680

847 sircluck the Grappler (level 7, -3/81 HPs)
             Began as a Troll Berserker on Sept 7, 2023.
             Was a Priest of Trog.
             Slain by a sun demon (16 damage)
             ... summoned by a kobold demonologist
             ... while paralysed by a floating eye
             ... in the Dungeon (Sprint I: "Red Sonja").
             The game lasted 00:01:39 (214 turns).

sircluck the Grappler (Troll Berserker)              Turns: 214, Time: 00:01:40

Health: -3/81      AC:  6    Str: 28    XL:     7   Next: 68%
Magic:  6/6        EV:  1    Int:  3    God:    Trog [***...]
Gold:   420        SH:  0    Dex:  9    Spells: 6/6 levels left

rFire   + .          .
                       - Unarmed
rCold   + . .        (no shield)
rNeg    . . .        i - +2 robe {rC+ rF+}
rPois   .            (helmet restricted)
rElec   .            (no cloak)
rCorr   .            (gloves unavailable)
SInv    .            (boots unavailable)
Will    .....        (no amulet)
Stlth   +            (no ring)
HPRegen 1.13/turn    (no ring)
MPRegen 0.10/turn

%: no teleportation
@: paralysed
A: large, unfitting armour, claws 3, regeneration 1, shaggy fur 1, tough skin 1
a: Renounce Religion, Berserk, Trog's Hand


You were in the Dungeon.
You worshipped Trog.
Trog was most pleased with you.
You visited 1 branch You collected 420 gold pieces.

Inventory:

Armour
 a - a +0 animal skin
 i - a +2 robe of resistance (worn)
Wands
 h - a wand of mindburst (14)
Scrolls
 g - a scroll of blinking
 j - a scroll of identify {unknown}
Potions
 b - a potion of curing
 c - a potion of heal wounds
 d - a potion of haste
 e - 2 potions of magic
 f - a potion of berserk rage


   Skills:
 + Level 8.7 Fighting
 + Level 8.6 Dodging
 + Level 10.3 Unarmed Combat


You had 6 spell levels left.
You didn't know any spells.
Your spell library was empty.

Dungeon Overview and Level Annotations

Branches:
Dungeon (1/1)

Altars:
Cheibriados
Dithmenos
Elyvilon
Fedhas
Gozag
Hepliaklqana
Kikubaaqudgha
Makhleb
Nemelex Xobeh
Okawaru
Qazlal
Ru
Sif Muna
Trog
Uskayaw
Vehumet
Wu Jian
Xom
Yredelemnul
Zin
The Shining One
Jiyva
Lugonu

Shops:
D *


Innate Abilities, Weirdness & Mutations

You are too large for most types of armour.
You have claws for hands.
Your natural rate of healing is unusually fast.
You are covered in fur. (AC +1)
You have tough skin. (AC +1)


Message History

The hellwing hits you.
The hellwing hits you but does no damage.
The hellwing hits you.
The hellwing hits you but does no damage.
The kobold demonologist gestures wildly while chanting.
The hellwing hits you! x2
You can move again.
Unknown command.
You mangle the hellwing!!
You kill the hellwing!
The hellwing disappears in a puff of smoke!
The kobold demonologist gestures wildly while chanting.
You mangle the white imp!!
You kill the white imp!
The white imp disappears in a puff of smoke!
You claw the white imp!
The white imp is severely wounded.
The white imp gestures at you. The puff of frost hits you. You resist.
You claw the white imp!
You kill the white imp!
The white imp disappears in a puff of smoke!
The kobold demonologist hits you with a +0 dagger.
You mangle the kobold demonologist!!
The kobold demonologist is heavily wounded.
The floating eye seems to glare at you.
The kobold demonologist gestures wildly while chanting.
The sun demon hits you!
You are engulfed in flames.
You resist.
* * * LOW HITPOINT WARNING * * *
You claw the kobold demonologist!
The kobold demonologist is severely wounded.
The kobold demonologist hits you with a +0 dagger.
* * * LOW HITPOINT WARNING * * *
The floating eye gazes piercingly through you!
You suddenly lose the ability to move!
The sun demon hits you.
* * * LOW HITPOINT WARNING * * *
You are engulfed in flames.
You resist.
* * * LOW HITPOINT WARNING * * *
The sun demon hits you!
You die...

####################
').#..'..#__#..'@K5#
#..').#..'..'..#G35#
##'#####'#__####45.+
#..#...#.#### #####
####..##.#
___##'#_.+
∩...†..._#
.__##_.#'#
___###+#[#


You could see a sun demon (summoned), a kobold demonologist, a chaos spawn
(summoned), a floating eye, 2 quasits and a white imp (summoned).

Vanquished Creatures
  A kobold demonologist (D)
  Sigmund (D)
  A slime creature (D)
  A yak (D)
  An ogre (D)
  A jelly (D)
  Ijyb (D)
7 creatures vanquished.

Notes
Turn   | Place    | Note
-------+----------+-------------------------------------------
     0 | D        | sircluck the Troll Berserker began the quest for the Orb.
     0 | D        | Reached XP level 1. HP: 22/22 MP: 0/0
     1 | D        | Noticed Ijyb
     8 | D        | Killed Ijyb
     9 | D        | Reached skill level 4 in Unarmed Combat
     9 | D        | Reached XP level 2. HP: 31/32 MP: 1/1
    13 | D        | Noticed an ogre
    22 | D        | Killed an ogre
    23 | D        | Reached skill level 5 in Fighting
    23 | D        | Reached skill level 5 in Dodging
    23 | D        | Reached skill level 6 in Unarmed Combat
    23 | D        | Reached XP level 3. HP: 24/42 MP: 2/2
    23 | D        | Reached XP level 4. HP: 29/50 MP: 3/3
    52 | D        | Noticed Sigmund
    59 | D        | Killed Sigmund
    59 | D        | Reached ** piety under Trog
    60 | D        | Reached skill level 7 in Unarmed Combat
    60 | D        | Reached XP level 5. HP: 48/61 MP: 4/4
    60 | D        | Reached XP level 6. HP: 54/68 MP: 5/5
    87 | D        | Found an ornate altar of the Wu Jian Council.
    87 | D        | Found a shimmering blue altar of Sif Muna.
    89 | D        | Found a radiant altar of Vehumet.
    92 | D        | Reached skill level 8 in Unarmed Combat
   126 | D        | Found Vaimak's Assorted Antiques.
   126 | D        | Found an ancient bone altar of Kikubaaqudgha.
   126 | D        | Found a hazy altar of Hepliaklqana.
   126 | D        | Found a stormy altar of Qazlal.
   126 | D        | Found a hide-covered altar of Uskayaw.
   126 | D        | Found a blossoming altar of Fedhas.
   126 | D        | Found a bloodstained altar of Trog.
   126 | D        | Found an iron altar of Okawaru.
   126 | D        | Found a basalt altar of Yredelemnul.
   126 | D        | Found a glowing golden altar of the Shining One.
   126 | D        | Found a snail-covered altar of Cheibriados.
   126 | D        | Found a sacrificial altar of Ru.
   126 | D        | Found a glowing silver altar of Zin.
   126 | D        | Found a shadowy altar of Dithmenos.
   126 | D        | Found a white marble altar of Elyvilon.
   126 | D        | Noticed a yak
   129 | D        | Killed a yak
   130 | D        | Found an opulent altar of Gozag.
   131 | D        | Found a sparkling altar of Nemelex Xobeh.
   150 | D        | Found a burning altar of Makhleb.
   150 | D        | Found a viscous altar of Jiyva.
   150 | D        | Found a shimmering altar of Xom.
   150 | D        | Found a corrupted altar of Lugonu.
   150 | D        | Noticed a slime creature
   153 | D        | Killed a slime creature
   153 | D        | Reached *** piety under Trog
   154 | D        | Reached skill level 9 in Unarmed Combat
   154 | D        | Reached XP level 7. HP: 80/80 MP: 6/6
   196 | D        | Noticed a kobold demonologist
   196 | D        | Noticed a kobold demonologist
   197 | D        | Noticed a chaos spawn
   199 | D        | Killed a kobold demonologist
   200 | D        | Reached skill level 10 in Unarmed Combat
   200 | D        | Noticed a hellwing
   204 | D        | Paralysed by a floating eye for 2 turns
   205 | D        | Noticed a sun demon
   213 | D        | Paralysed by a floating eye for 4 turns
   214 | D        | Slain by a sun demon

Illustrated notes

Levels and vault maps discovered:
D:        dungeon_sprint_1 [red_sonja_temple_1, red_sonja_temple_small_1]

Skill      XL: |  1  2  3  4  5  6  7 |
---------------+----------------------+-----
Fighting       | 3 5 6 8 |  8.7
Dodging        | 3 5 6 7 8 |  8.6
Unarmed Combat | 4 6 7 9 10 | 10.3

Action                     |  1- 3 |  4- 6 |  7- 9 || total
---------------------------+-------+-------+-------++-------
  Melee: Unarmed           |    14 |    12 |    13 ||    39
 Invoke: Berserk           |       |     1 |       ||     1
 Armour: Animal skin       |     3 |     3 |       ||     6
         Robe              |       |     3 |    15 ||    18
  Dodge: Dodged            |     7 |       |     1 ||     8

Table legend: (Time is in decaauts)
 A = Elapsed time spent in this place.
 B = Non-inter-level travel time spent in this place.
 C = Inter-level travel time spent in this place.
 D = Time resting spent in this place.
 E = Time spent auto-exploring this place.
 F = Levels seen in this place.
 G = Mean time per level.
                   A        B        C        D        E       F      G
               +--------+--------+--------+--------+--------+-----+--------+
         Total |    220 |    220 |      0 |     36 |     33 |   1 |  220.0 |
       Dungeon |    220 |    220 |      0 |     36 |     33 |   1 |  220.0 |
               +--------+--------+--------+--------+--------+-----+--------+

Top non-repeatable levels by time:
       D: 220 daAuts
